 Dungeon Crawl Stone Soup version 0.30-a0-43-gbbf338a72c (webtiles) character file.

Game seed: 602539184402527796

1591 LnG the Cleaver (level 8, -1/70 HPs)
             Began as a Hill Orc Fighter on Aug 31, 2022.
             Was a Believer of Okawaru.
             Slain by a steam dragon (9 damage)
             ... on level 6 of the Dungeon.
             The game lasted 00:39:33 (8883 turns).

LnG the Cleaver (Hill Orc Fighter)                  Turns: 8883, Time: 00:39:34

Health: -1/70      AC: 10    Str: 21    XL:     8   Next: 93%
Magic:  8/8        EV: 10    Int:  8    God:    Okawaru [**....]
Gold:   215        SH:  4    Dex: 10    Spells: 7/7 levels left

rFire   . . .      SeeInvis .    a - +3 war axe
rCold   . . .      Faith    .    c - +0 buckler
rNeg    + . .      Spirit   .    b - +0 scale mail
rPois   .          Reflect  .    (no helmet)
rElec   .          Harm     .    (no cloak)
rCorr   .          Rampage  .    w - +0 pair of gloves
Will    .....                    t - +0 pair of boots
Stlth   ..........               (no amulet)
HPRegen 0.21/turn                C - ring of positive energy
MPRegen 0.11/turn                (no ring)

@: about to teleport
A: no striking features
a: Renounce Religion, Heroism


You were on level 6 of the Dungeon.
You worshipped Okawaru.
Okawaru was pleased with you.
You visited 2 branches of the dungeon, and saw 7 of its levels.

You collected 215 gold pieces.

Inventory:

Hand Weapons
 a - a +3 war axe (weapon)
 q - a +2 vampiric whip
Armour
 b - a +0 scale mail (worn)
 c - a +0 buckler (worn)
 t - a +0 pair of boots (worn)
 w - a +0 pair of gloves (worn)
Jewellery
 C - a ring of positive energy (left hand)
Scrolls
 e - 2 scrolls of amnesia
 f - 3 scrolls of blinking
 g - 3 scrolls of fear
 j - a scroll of poison {unknown}
 k - a scroll of butterflies
 l - a scroll of enchant armour {unknown}
 m - a scroll of brand weapon {unknown}
 o - 4 scrolls of teleportation
 r - a scroll of noise {unknown}
 u - a scroll of vulnerability {unknown}
 y - a scroll of immolation {unknown}
 z - a scroll of torment {unknown}
Potions
 d - a potion of might
 h - a potion of lignification {unknown}
 i - 3 potions of haste
 n - a potion of brilliance {unknown}
 p - a potion of attraction {unknown}
 s - a potion of heal wounds {unknown}
 v - a potion of berserk rage {unknown}
 x - a potion of flight {unknown}
 A - 2 potions of cancellation {unknown}


   Skills:
 + Level 6.1 Fighting
 + Level 8.9 Axes
 + Level 7.7 Armour
 + Level 1.9 Dodging
 + Level 1.5 Stealth
 + Level 4.3 Shields
 + Level 0.2 Evocations


You had 7 spell levels left.
You didn't know any spells.
Your spell library contained the following spells:

 Spells                   Type           Power      Damage    Failure   Level
 Portal Projectile        Hex/Tloc       0%         N/A       99%         3
 Blade Hands              Tmut           0%         N/A       100%        5
 Tukima's Dance           Hex            Unusable   N/A       N/A         3

Dungeon Overview and Level Annotations

Branches:
Dungeon (6/15)             Temple (1/1) D:5

Altars:
Ashenzari
Cheibriados
Dithmenos
Elyvilon
Fedhas
Gozag
Nemelex Xobeh
Okawaru
Qazlal
Ru
Sif Muna
Trog
Vehumet
Wu Jian
Xom
Yredelemnul
Zin

Shops:
D:1 (


Message History

The wight hits you with a +2 trident of protection.
You hit the wight.
You destroy the wight!
Okawaru accepts your kill.
You closely miss the wight. The wight hits you with a +0 dagger.
You partially resist.
You feel drained.
A steam dragon comes into view.
The steam dragon hisses angrily.
The wight hits you with a +0 dagger.
Things that are here:
a +2 trident of protection; a +0 robe You hit the wight.
The wight is severely damaged.
The wight hits you with a +0 dagger.
You closely miss the wight.
The wight is severely damaged.
You block the wight's attack.
You closely miss the wight.
The wight is severely damaged.
The wight hits you but does no damage.
You slash the wight!
You destroy the wight!
Okawaru accepts your kill. The steam dragon breathes steam at you.
The ball of steam hits you!
* * * LOW HITPOINT WARNING * * *
You hear a shout! x2
Your life force feels restored.
Your Fighting skill increases to level 6!
You feel better.
You are engulfed in a cloud of scalding steam.
* * * LOW HITPOINT WARNING * * *
An orc wizard comes into view. It is wielding a +0 dagger.
An orc comes into view. It is wielding a +0 whip.
As you read the scroll of teleportation, it crumbles to dust.
You feel strangely unstable.
The orc shouts!
An orc warrior comes into view. It is wielding a +0 trident.
Found an escape hatch in the floor.
The steam dragon bites you!
You die...

.####### ##.#.#......
#....#.. ........ #>.
....#.#.. ..###### #.#
#.#.#....# #..># ... ..#
#.# #.#.#....###. #.#
..###### #.# #.#.#.......
... ........ #.#
#.#.#....... ..# ..######
#.# #.#.#§......
..########.###...§.......
..............).@#.§..#
..###............D§...#
...............).).......
...###.###.#.#####....#.#
...# #.###.#.# ....# ...#
#....)#.# .o..#
...#########.# ...o#
...........#.. ..o...
...#########.# ......


You could see a steam dragon, an orc warrior, an orc wizard and an orc.

Vanquished Creatures
  Grinder (D:5)
  A sky beast (D:5)
  An ice beast (D:5)
  A phantom (D:6)
  3 centaurs
  A kobold brigand (D:6)
  A scorpion (D:3)
  2 necrophages
  4 wights (D:6)
  A jelly (D:5)
  A gnoll bouda (D:5)
  4 hounds
  2 iguanas
  2 orc wizards
  3 gnolls (D:5)
  4 adders
  2 ufetubi
  A worm (D:3)
  3 dart slugs
  14 orcs
  4 bats
  9 endoplasms
  3 giant cockroaches
  3 goblins
  7 hobgoblins
  12 kobolds
  6 quokkas
  4 ball pythons
  3 rats
103 creatures vanquished.

Vanquished Creatures (others)
  8 plants (D:3)
8 creatures vanquished.

Grand Total: 111 creatures vanquished

Notes
Turn   | Place    | Note
-------+----------+-------------------------------------------
     0 | D:1      | LnG the Hill Orc Fighter began the quest for the Orb.
     0 | D:1      | Reached XP level 1. HP: 19/19 MP: 1/1
   842 | D:1      | Reached XP level 2. HP: 27/27 MP: 2/2
   844 | D:1      | Reached skill level 3 in Axes
  1210 | D:1      | Found a faded altar of an unknown god.
  1282 | D:1      | Found Motaus's Weapon Boutique.
  1910 | D:2      | Reached XP level 3. HP: 33/33 MP: 3/3
  3080 | D:3      | Reached XP level 4. HP: 40/40 MP: 4/4
  3193 | D:3      | Reached skill level 4 in Axes
  3449 | D:3      | Found a shadowy altar of Dithmenos.
  3450 | D:3      | Found an opulent altar of Gozag.
  3627 | D:3      | Noticed a scorpion
  3632 | D:3      | Killed a scorpion
  3633 | D:3      | Reached XP level 5. HP: 46/46 MP: 5/5
  3637 | D:3      | Found a sparkling altar of Nemelex Xobeh.
  3641 | D:3      | Found a white marble altar of Elyvilon.
  5149 | D:4      | Reached skill level 5 in Axes
  5154 | D:4      | Found an iron altar of Okawaru.
  5165 | D:4      | Became a worshipper of Warmaster Okawaru
  5647 | D:4      | Found a bloodstained altar of Trog.
  5733 | D:4      | Found a glowing silver altar of Zin.
  6165 | D:5      | Entered Level 5 of the Dungeon
  6187 | D:5      | Reached XP level 6. HP: 53/53 MP: 6/6
  6198 | D:5      | Noticed an ice beast
  6206 | D:5      | Killed an ice beast
  6207 | D:5      | Reached skill level 5 in Armour
  6207 | D:5      | Reached skill level 1 in Stealth
  6347 | D:5      | Noticed Grinder
  6364 | D:4      | Reached skill level 6 in Axes
  6598 | D:5      | Found a broken altar of Ashenzari.
  6678 | D:5      | Reached XP level 7. HP: 48/60 MP: 7/7
  6745 | D:5      | Found a staircase to the Ecumenical Temple.
  6821 | D:5      | Reached * piety under Okawaru
  7176 | D:5      | Reached skill level 1 in Dodging
  7323 | D:5      | Killed Grinder
  7324 | D:5      | Reached skill level 5 in Fighting
  7324 | D:5      | Reached skill level 7 in Axes
  7324 | D:5      | Reached XP level 8. HP: 59/68 MP: 8/8
  8105 | D:5      | Found a stormy altar of Qazlal.
  8148 | Temple   | Entered the Ecumenical Temple
  8578 | D:6      | Reached skill level 8 in Axes
  8702 | D:6      | Reached ** piety under Okawaru
  8883 | D:6      | Slain by a steam dragon

Illustrated notes

Levels and vault maps discovered:
D:1:      evilmike_arrival_fibonacci_small, layout_loops_ring, serial_shops,
          nicolae_lakefront_shop, shapermc_ecumenical_altar_mp_highgroup
D:2:      layout_basic, corexii_leaking_fountain, lemuel_flame_loot_1
D:3:      layout_loops_corners, nicolae_overflow_hidden_temple,
          roderic_serpentine_path, serial_bayou_pond_a
D:4:      layout_rooms, kennysheep_okawaru_gauntlet, zin_academy,
          mainiacjoe_overflow_six_doors_small, reono_crystal_passage
D:5:      layout_basic, nicolae_ashenzari_skybound, marbit_many_paths,
          minmay_temple_entry_antechambers, uniq_grinder
D:6:      layout_basic, mainiacjoe_overflow_big_doors
Temple:   hellmonk_temple_micro_hex

Skill      XL: |  1  2  3  4  5  6  7  8 |
---------------+-------------------------+-----
Axes           | 3 4 5 6 7 8 |  8.9
Fighting       | 4 5 6 |  6.1
Armour         | 4 5 6 7 |  7.7
Stealth        | 1 |  1.5
Dodging        | 1 |  1.9
Shields        | 4 |  4.3
Evocations     | |  0.2

Action                   |  1- 3 |  4- 6 |  7- 9 || total
-------------------------+-------+-------+-------++-------
Melee: War axe           |    88 |    99 |   128 ||   315
Invok: Heroism           |       |       |     1 ||     1
Evoke: Wand              |       |     3 |       ||     3
  Use: Scroll            |     7 |     4 |     2 ||    13
       Potion            |       |       |     4 ||     4
 Stab: Paralysed         |       |     3 |       ||     3
Armor: Scale mail        |    36 |    45 |    90 ||   171
Dodge: Dodged            |    24 |    60 |    87 ||   171
Block: Buckler           |    20 |    27 |    37 ||    84

Table legend: (Time is in decaauts)
 A = Elapsed time spent in this place.
 B = Non-inter-level travel time spent in this place.
 C = Inter-level travel time spent in this place.
 D = Time resting spent in this place.
 E = Time spent auto-exploring this place.
 F = Levels seen in this place.
 G = Mean time per level.
                   A        B        C        D        E       F      G
               +--------+--------+--------+--------+--------+-----+--------+
         Total |   8966 |   8770 |    196 |   3143 |     17 |   7 | 1280.9 |
       Dungeon |   8965 |   8769 |    196 |   3143 |     17 |   6 | 1494.2 |
        Temple |      1 |      1 |      0 |      0 |      0 |   1 |    1.0 |
               +--------+--------+--------+--------+--------+-----+--------+

Top non-repeatable levels by time:
     D:3: 2114 daAuts
     D:5: 1847 daAuts
     D:4: 1540 daAuts
     D:1: 1471 daAuts
     D:2: 1272 daAuts
     D:6: 719 daAuts
  Temple: 1 daAuts
